 Dungeon Crawl Stone Soup version 0.25-a0-1036-g6f112fb28d (webtiles) character file.

Game seed: 16934173986289373555, levelgen mode: deterministic

89 Conn the Firebug (level 4, -2/27 HPs)
             Began as an Octopode Fire Elementalist on May 13, 2020.
             Slain by a goblin (6 damage)
             ... led by Robin
             ... on level 2 of the Dungeon.
             The game lasted 00:04:31 (2267 turns).

Conn the Firebug (Octopode Fire Elementalist)       Turns: 2267, Time: 00:04:32

Health: -2/27      AC:  1    Str:  7    XL:     4   Next: 55%
Magic:  6/7        EV: 13    Int: 18    God:
Gold:   50         SH:  0    Dex: 14    Spells: 7/8 levels left

rFire    . . .     SeeInvis .   j - +1 dagger (elec)
rCold    . . .     Gourm    .   (no shield)
rNeg     . . .     Faith    +   (helmet restricted)
rPois    .         Spirit   .   i - amulet of faith
rElec    .         Reflect  .   (no ring)
rCorr    .         Harm     .   (no ring)
MR       .....                  (no ring)
Stlth    +++.......             (no ring)
HPRegen  0.09/turn              (no ring)
MPRegen  0.10/turn              (no ring)
                                (no ring)
                                (no ring)

@: no status effects
A: almost no armour, stealthy swim, amphibious, 8 rings, constrict 8, camouflage
1, agile 1, blurry vision 1, gelatinous body 1, MP-powered wands
a: no special abilities


You were on level 2 of the Dungeon.
You were not hungry.

You visited 1 branch of the dungeon, and saw 2 of its levels.

You collected 50 gold pieces.

Inventory:

Hand Weapons
 d - a +0 short sword
 j - a +1 dagger of electrocution (weapon)
Missiles
 g - 21 poisoned darts (quivered)
 h - 4 sling bullets
Jewellery
 i - an amulet of faith (around mantle)
Scrolls
 a - a scroll of random uselessness
 e - a scroll of identify
 f - a scroll of blinking {unknown}
 k - a scroll of magic mapping {unknown}
Potions
 c - a potion of mutation
Comestibles
 b - 4 rations


   Skills:
 + Level 0.2 Fighting
 + Level 0.5 Short Blades
 + Level 2.0 Dodging
 + Level 3.5 Stealth
 * Level 2.5 Spellcasting
 + Level 2.2 Conjurations
 * Level 3.8 Fire Magic


You had 7 spell levels left.
You knew the following spells:

 Your Spells              Type           Power        Failure   Level  Hunger
a - Foxfire               Conj/Fire      ##..         4%          1    #......

Your spell library contained the following spells:

 Spells                   Type           Power        Failure   Level  Hunger
 Conjure Flame            Conj/Fire      ##......     16%         3    ###....
 Inner Flame              Hex/Fire       #.......     24%         3    ###....
 Sticky Flame             Conj/Fire      ##......     45%         4    #####..
 Fireball                 Conj/Fire      ##........   80%         5    ######.


Dungeon Overview and Level Annotations

Branches:
Dungeon (2/15)

Altars:

Annotations:
D:2 Robin


Innate Abilities, Weirdness & Mutations

You cannot wear most types of armour.
You are very stealthy in the water. (Stealth+)
You are amphibious.
You can wear up to eight rings at the same time.
You can use your tentacles to constrict eight enemies at once.
Your skin changes colour to match your surroundings (Stealth+).
Your rubbery body absorbs attacks. (AC +1, EV +1)
You are agile. (Dex +2)
Scrolls take you a little longer to read.
You expend magic power (3 MP) to strengthen your wands.


Message History

It is a scroll of identify.
a - a scroll of random uselessness The goblin hits you with a +0 dagger.
Robin throws the goblin at you! The goblin hits you with a +0 dagger.
The goblin misses you. The goblin barely misses you.
Casting: Foxfire (safe; 4% risk of failure)
Confirm with . or Enter, or press ? or * to list all spells.
Okay, then.
It was a potion of mutation.
You feel extremely strange.
You feel agile.
Your vision blurs.
You feel your magical essence link to the dungeon's wands.
The goblin hits you with a +0 dagger. x2
* * * LOW HITPOINT WARNING * * *
The goblin barely misses you. The goblin closely misses you.
Okay, then.
Really read with blurry vision while enemies are nearby?
The goblin hits you but does no damage.
You begin reading the scroll.
You continue reading the scroll.
The goblin hits you but does no damage. The goblin hits you.
You die...

.................#
.................#
.................#
.................#
.................#
..........(......#
.................#
##############+#g#
#.g@# ##gg# #gg#
#gg# ##


.Sgg .# ...... .# ...g..g .# ......... .# ###....... You could see Robin, an
adder, 2 hobgoblins and 8 goblins.

Vanquished Creatures
  3 gnolls (D:2)
  An adder (D:2)
  2 dart slugs
  A leopard gecko (D:1)
  3 giant cockroaches (D:1)
  6 goblins
  5 hobgoblins
  3 jackals (D:1)
  4 kobolds
  8 bats
  A frilled lizard (D:2)
  5 rats (D:1)
42 creatures vanquished.

Vanquished Creatures (collateral kills)
  A goblin (D:1)
1 creature vanquished.

Vanquished Creatures (others)
  83 foxfires
83 creatures vanquished.

Grand Total: 126 creatures vanquished

Notes
Turn   | Place    | Note
-------+----------+-------------------------------------------
     0 | D:1      | Conn the Octopode Fire Elementalist began the quest for the
                  | Orb.
     0 | D:1      | Reached XP level 1. HP: 11/11 MP: 3/3
   213 | D:1      | Reached XP level 2. HP: 14/17 MP: 0/5
   861 | D:1      | Reached XP level 3. HP: 21/21 MP: 6/6
  1811 | D:2      | Reached XP level 4. HP: 27/27 MP: 3/7
  2259 | D:2      | Noticed Robin
  2265 | D:2      | Gained mutation: You are agile. (Dex +2) [potion of
                  | mutation]
  2265 | D:2      | Gained mutation: Scrolls take you a little longer to read.
                  | [potion of mutation]
  2265 | D:2      | Gained mutation: You expend magic power (3 MP) to
                  | strengthen your wands. [potion of mutation]
  2267 | D:2      | Slain by a goblin

Illustrated notes

Levels and vault maps discovered:
D:1:      giann_bridges, layout_basic
D:2:      layout_basic, uniq_robin, uniq_terence, uniq_crazy_yiuf_cottage

Skill      XL: |  1  2  3  4 |
---------------+-------------+-----
Stealth        | 3 |  3.5
Conjurations   | 2 |  2.2
Fighting       | |  0.2
Short Blades   | |  0.5
Dodging        | |  2.0
Spellcasting   | |  2.5
Fire Magic     | |  3.8

Action                   |  1- 3 |  4- 6 || total
-------------------------+-------+-------++-------
Melee: Unarmed           |     4 |       ||     4
       Constrict         |    10 |       ||    10
       Short sword       |    36 |       ||    36
       Tentacles         |     8 |       ||     8
       Dagger            |     3 |       ||     3
 Cast: Foxfire           |    38 |    12 ||    50
  Use: Scroll            |       |     1 ||     1
       Potion            |       |     1 ||     1
 Stab: Sleeping          |     7 |       ||     7
  Eat: Chunk             |     3 |     1 ||     4
Armor: Skin              |     5 |       ||     5
Dodge: Dodged            |    28 |    13 ||    41

Table legend:
 A = Non-vault XP
 B = Vault XP
 C = Vault XP percentage of total XP
 D = Non-vault monster count
 E = Vault monster count
 F = Vault count percentage of total count
                 A         B        C        D         E       F
            +---------+---------+-------+---------+---------+-------
      Total |     126 |       2 |   1.6 |      42 |       1 |   2.3
            +---------+---------+-------+---------+---------+-------
        D:1 |      53 |       0 |   0.0 |      30 |       0 |   0.0
        D:2 |      73 |       2 |   2.7 |      12 |       1 |   7.7
            +---------+---------+-------+---------+---------+-------
